 Dungeon Crawl Stone Soup version 0.29-a0-847-g24c0ca63c9 (webtiles) character file.

Game seed: 6118511071329195781

137 Malachi the Cudgeller (level 5, 0/45 HPs)
             Began as a Ghoul Fighter on July 16, 2022.
             Slain by an orc warrior
             ... wielding a +0 mace
              (3 damage)
             ... on level 3 of the Dungeon.
             The game lasted 00:02:10 (1705 turns).

Malachi the Cudgeller (Ghoul Fighter)               Turns: 1705, Time: 00:02:11

Health: 0/45       AC:  6    Str: 22    XL:     5   Next: 20%
Magic:  4/4        EV:  9    Int:  3    God:
Gold:   103        SH:  4    Dex:  8    Spells: 4/4 levels left

rFire   + . .      SeeInvis .   a - +0 flail
rCold   + . .      Faith    .   c - +0 buckler
rNeg    + + +      Spirit   .   b - +0 scale mail
rPois   ∞          Reflect  .   (no helmet)
rElec   .          Harm     .   (no cloak)
rCorr   .          Rampage  .   (no gloves)
Will    .....                   (no boots)
Stlth   ..........              (no amulet)
HPRegen 0.00/turn               n - ring of protection from fire
MPRegen 0.09/turn               (no ring)

@: inhibited regen
A: claws 1, cold resistance 1, negative energy resistance 3, inhibited
regeneration, torment resistance 2, devour on kill
a: no special abilities


You were on level 3 of the Dungeon.
You visited 1 branch of the dungeon, and saw 3 of its levels.

You collected 129 gold pieces.
You spent 26 gold pieces at shops.

Inventory:

Hand Weapons
 a - a +0 flail (weapon)
Missiles
 d - a throwing net (quivered)
Armour
 b - a +0 scale mail (worn)
 c - a +0 buckler (worn)
Jewellery
 l - a +6 ring of dexterity
 n - a ring of protection from fire (left claw)
Scrolls
 h - a scroll of amnesia
 j - a scroll of teleportation
 m - a scroll of enchant armour {unknown}
Potions
 e - a potion of haste {unknown}
 f - a potion of curing {unknown}
 g - 2 potions of brilliance {unknown}
 i - a potion of berserk rage {unknown}


   Skills:
 - Level 3.2 Fighting
 + Level 4.7 Maces & Flails
 - Level 2.6 Armour
 - Level 2.6 Shields


You had 4 spell levels left.
You didn't know any spells.
Your spell library contained the following spells:

 Spells                   Type           Power      Damage    Failure   Level
 Petrify                  Tmut/Erth      0%         N/A       100%        4
 Irradiate                Conj/Tmut      0%         3d11      100%        5
 Sublimation of Blood     Necr           Unusable   N/A       N/A         2

Dungeon Overview and Level Annotations

Branches:
Dungeon (3/15)

Altars:
Uskayaw

Shops:
D:3 *


Innate Abilities, Weirdness & Mutations

You are immune to poison.
You have sharp fingernails.
Your flesh is cold resistant. (rC+)
You are immune to negative energy. (rN+++)
You do not regenerate when monsters are visible.
You are immune to unholy pain and torment.
You thrive by killing the living.


Message History

You thump the dart slug!
You kill the dart slug!
You hear a shout!
An orc warrior comes into view. It is wielding a +0 mace.
The orc hits you but does no damage.
You hit the orc but do no damage. You block the orc's attack.
You barely miss the orc. The endoplasm barely misses you.
The orc closely misses you. The endoplasm freezes you.
You are frozen.
You resist. You block the orc's attack.
You closely miss the hobgoblin. The endoplasm freezes you.
You are frozen.
You resist. The hobgoblin hits you.
You barely miss the orc warrior.
The hobgoblin hits you but does no damage.
The endoplasm barely misses you.
You barely miss the orc warrior. The endoplasm freezes you.
You are frozen.
You resist. You block the hobgoblin's attack.
You hit the orc warrior.
The orc warrior is lightly wounded.
The orc warrior completely misses you. The endoplasm hits you.
The orc closely misses you. You block the hobgoblin's attack.
The endoplasm hits you but does no damage.
The orc warrior hits you with a +0 mace!
The orc hits you with a +0 mace.
The hobgoblin hits you but does no damage.
The orc warrior hits you with a +0 mace!
* * * LOW HITPOINT WARNING * * *
The orc warrior attacks as you move away!
The orc warrior hits you with a +0 mace!
* * * LOW HITPOINT WARNING * * *
You have no spells to forget!
Unknown command.
As you read the scroll labelled CODISI NEICOTZ, it crumbles to dust.
You hear a loud clanging noise!
It was a scroll of noise.
You hear an angry hiss.
You hear a shout!
The orc warrior hits you with a +0 mace.
You die...

#>......#
........####
#..........##
###...####..##
##.## ##..##
#.# ##..##
####.# ##..#
#....#
##.########
#.####
#..@.....#
..######
####og...#
.......#
#oJ...#
.#####...
............#
##
####........#
# #.#......# #
...#........ #
### ......##.#
# _..._.# .#


You could see an orc warrior, an orc, an endoplasm and a hobgoblin.

Vanquished Creatures
  An orc priest (D:3)
  Jessica (D:2)
  Terence (D:2)
  An adder (D:2)
  4 dart slugs
  7 ball pythons
  An endoplasm (D:3)
  2 giant cockroaches (D:1)
  2 goblins
  5 hobgoblins
  4 quokkas
  3 bats
  3 frilled lizards
  2 kobolds (D:2)
  6 rats
43 creatures vanquished.

Vanquished Creatures (others)
  5 toadstools (D:1)
5 creatures vanquished.

Grand Total: 48 creatures vanquished

Notes
Turn   | Place    | Note
-------+----------+-------------------------------------------
     0 | D:1      | Malachi the Ghoul Fighter began the quest for the Orb.
     0 | D:1      | Reached XP level 1. HP: 19/19 MP: 0/0
    49 | D:1      | Reached skill level 2 in Maces & Flails
   203 | D:1      | Reached XP level 2. HP: 25/26 MP: 1/1
   531 | D:1      | Found a faded altar of an unknown god.
   556 | D:2      | Noticed Terence
   566 | D:2      | Killed Terence
   567 | D:2      | Reached skill level 3 in Maces & Flails
   567 | D:2      | Reached XP level 3. HP: 7/31 MP: 2/2
   838 | D:2      | Noticed Jessica
   863 | D:2      | Killed Jessica
   864 | D:2      | Reached skill level 4 in Maces & Flails
   864 | D:2      | Reached XP level 4. HP: 21/38 MP: 3/3
  1467 | D:3      | Found Yxzargh's General Store.
  1473 | D:3      | Bought a scroll of identify for 26 gold pieces
  1615 | D:3      | Reached XP level 5. HP: 39/45 MP: 4/4
  1691 | D:3      | Found a hide-covered altar of Uskayaw.
  1695 | D:3      | Noticed an orc warrior
  1705 | D:3      | Slain by an orc warrior

Illustrated notes

Levels and vault maps discovered:
D:1:      ldierk_walled_garden, layout_rooms,
          dreamdust_ecumenical_altar_angels_and_demons
D:2:      layout_rooms, uniq_jessica, uniq_terence
D:3:      layout_rooms, grunt_temple_overflow_open, serial_shops, shop,
          dk_noncrumbling_3, grunt_decor_junction, uniq_natasha

Skill      XL: |  1  2  3 |
---------------+----------+-----
Maces & Flails | 2 3 4 |  4.7
Fighting       | |  3.2
Armour         | |  2.6
Shields        | |  2.6

Action                   |  1- 3 |  4- 6 || total
-------------------------+-------+-------++-------
Melee: Flail             |    88 |    63 ||   151
  Use: Potion            |     1 |       ||     1
       Scroll            |       |     3 ||     3
Armor: Scale mail        |    37 |    30 ||    67
Dodge: Dodged            |    52 |    28 ||    80
Block: Buckler           |    31 |     9 ||    40

Table legend: (Time is in decaauts)
 A = Elapsed time spent in this place.
 B = Non-inter-level travel time spent in this place.
 C = Inter-level travel time spent in this place.
 D = Time resting spent in this place.
 E = Time spent auto-exploring this place.
 F = Levels seen in this place.
 G = Mean time per level.
                   A        B        C        D        E       F      G
               +--------+--------+--------+--------+--------+-----+--------+
         Total |   1754 |   1736 |     18 |    370 |    983 |   3 |  584.7 |
       Dungeon |   1754 |   1736 |     18 |    370 |    983 |   3 |  584.7 |
               +--------+--------+--------+--------+--------+-----+--------+

Top non-repeatable levels by time:
     D:2: 802 daAuts
     D:1: 710 daAuts
     D:3: 241 daAuts
